 Dungeon Crawl Stone Soup version 0.28-a0-1594-ga885d4b3d6 (webtiles) character file.

Game seed: 5986784162631758496

572 belegose the Skirmisher (level 7, -7/75 HPs)
             Began as an Ogre Abyssal Knight on Jan 20, 2022.
             Was a Believer of Lugonu.
             Mangled by Menkaure (11 damage)
             ... on level 5 of the Dungeon.
             The game lasted 00:12:22 (7316 turns).

belegose the Skirmisher (Ogre Abyssal Knight)       Turns: 7316, Time: 00:12:23

Health: -7/75      AC:  4    Str: 16 (18) XL:     7   Next: 34%
Magic:  10/10      EV:  9    Int: 15 (17) God:    Lugonu [**....]
Gold:   94         SH:  5    Dex:  7 (9)  Spells: 3/6 levels left

rFire   . . .      SeeInvis .   a - +0 quarterstaff
rCold   . . .      Faith    .   (shield currently unavailable)
rNeg    . . .      Spirit   .   n - +1 robe of Joeddof {rElec Int+4}
rPois   .          Reflect  +   (helmet restricted)
rElec   +          Harm     .   (no cloak)
rCorr   .          Rampage  .   (gloves unavailable)
Will    .....                   (boots unavailable)
Stlth   +.........              x - amulet of reflection
HPRegen 0.22/turn               (no ring)
MPRegen 0.12/turn               (no ring)

@: brilliant
A: large, unfitting armour, tough skin 1
a: Renounce Religion, Depart the Abyss, Bend Space


You were on level 5 of the Dungeon.
You worshipped Lugonu.
Lugonu was pleased with you.
You visited 2 branches of the dungeon, and saw 6 of its levels.
You visited the Abyss 1 time.

You collected 175 gold pieces.
You spent 81 gold pieces at shops.

Inventory:

Hand Weapons
 a - a +0 quarterstaff (weapon)
 b - a +2 dagger of draining
Missiles
 d - 169 stones
 p - 3 boomerangs
 u - 2 poisoned darts
 v - 6 javelins
Armour
 n - the +1 robe of Joeddof (worn) {rElec Int+4}
   (You found it on level 2 of the Dungeon)

   Int:       It affects your intelligence (+4).
   rElec:     It insulates you from electricity.
 y - a +2 robe of cold resistance
Jewellery
 x - an amulet of reflection (around neck)
Wands
 q - a wand of polymorph (9)
Scrolls
 e - 2 scrolls of blinking {unknown}
 g - 3 scrolls of teleportation {unknown}
 h - a scroll of torment {unknown}
 i - a scroll of enchant weapon {unknown}
 k - 4 scrolls of identify {unknown}
 m - a scroll of magic mapping {unknown}
 o - 4 scrolls of enchant armour {unknown}
 t - a scroll of amnesia {unknown}
Potions
 c - a potion of curing
 f - a potion of might {unknown}
 j - 2 potions of degeneration
 l - a potion of brilliance
 r - a potion of mutation {unknown}
 s - a potion of attraction {unknown}
 w - a potion of invisibility {unknown}


   Skills:
 + Level 6.1 Fighting
 + Level 1.6 Short Blades
 - Level 2.3(2.8) Polearms
 - Level 2.2(2.7) Staves
 + Level 3.4 Throwing
 - Level 2.1 Dodging
 + Level 4.3 Invocations
 + Level 1.5 Evocations


You had 3 spell levels left.
You knew the following spells:

 Your Spells              Type           Power      Damage    Failure   Level
a - Stone Arrow           Conj/Erth      0%         3d7       63%         3

Your spell library contained the following spells:

 Spells                   Type           Power      Damage    Failure   Level
 Sandblast                Erth           0%         2d4       26%         1
 Passwall                 Tmut/Erth      0%         N/A       38%         2


Dungeon Overview and Level Annotations

Branches:
Dungeon (5/15)             Temple (1/1) D:4

Altars:
Gozag
Ru
Trog
The Shining One

Shops:
D:2 [

Annotations:
D:5 Dowan, Duvessa, Menkaure


Innate Abilities, Weirdness & Mutations

You are too large for most types of armour.
You have tough skin. (AC +1)


Message History

Found an escape hatch in the ceiling.
d - 161 stones (gained 12)
Found a long sword.
Found a ring mail.
Found a stone staircase leading down.
d - 169 stones (gained 8) Menkaure, Prince of Dust comes into view.
Menkaure shouts!
Menkaure gestures wildly while chanting.
Menkaure seems to speed up.
Aiming: Polymorph
Press: ? - help, Shift-Dir - straight line, f - you
Okay, then.
Aiming: Polymorph
Press: ? - help, Shift-Dir - straight line, f - Menkaure
Aim: Menkaure (fast, not susceptible)
Okay, then.
Found 4 stones.
a - a +0 quarterstaff (weapon)
You completely miss Menkaure. Menkaure hits you. Menkaure hits you!
You hit Menkaure but do no damage.
Menkaure shouts, "You disturbed my rest!
Die!"
Menkaure calls on the powers of darkness!
Your body is wracked with pain!
You hit Menkaure but do no damage.
Menkaure calls on the powers of darkness!
Your body is wracked with pain!
* * * LOW HITPOINT WARNING * * *
Menkaure hits you!
* * * LOW HITPOINT WARNING * * *
It was a potion of degeneration.
There was something very wrong with that liquid.
You feel weakened.
You feel dopey.
You feel clumsy.
Menkaure points at you and mumbles some strange words.
Pain shoots through your body!
* * * LOW HITPOINT WARNING * * *
It was a potion of brilliance.
You feel clever all of a sudden. Menkaure hits you!
You die...

...# #.....
........ #.....
........ ..
#..... .#######
#########..
#...[. .#
#.#........
#..... .#
#.#........
#..... .#
#.#......(.
###.... .#
#.M........
#.....#
#.#@.......
#.....#
#M#........
#.....#
######.##.######
#######
#..........# #
#.#####.##.# #
#.##.# # #.##.#
# #.##.# #
..##.# #


You could see Menkaure (fast).

Vanquished Creatures
  A scorpion (D:4)
  A howler monkey (D:4)
  4 hounds
  A centaur zombie (D:5)
  2 iguanas (D:4)
  Natasha (thrice) (D:3)
  Robin (D:2)
  A gnoll (D:2)
  5 adders
  An adder skeleton (D:4)
  An adder zombie (D:5)
  6 worms
  4 dart slugs
  6 orcs
  5 ball pythons
  4 bats
  12 endoplasms
  4 giant cockroaches
  19 goblins
  7 hobgoblins
  2 jackals (D:2)
  A frilled lizard (D:1)
  9 kobolds
  9 rats
109 creatures vanquished.

Notes
Turn   | Place    | Note
-------+----------+-------------------------------------------
     0 | Abyss:1  | belegose the Ogre Abyssal Knight began the quest for the
                  | Orb.
     0 | Abyss:1  | Reached XP level 1. HP: 24/24 MP: 2/2
   106 | Abyss:2  | Noticed a large abomination
   163 | Abyss:2  | Noticed a raiju
   164 | D:1      | Escaped the Abyss
   441 | D:1      | Reached XP level 2. HP: 28/32 MP: 3/3
   948 | D:1      | Found a faded altar of an unknown god.
  1288 | D:1      | Reached * piety under Lugonu
  1567 | D:2      | Reached skill level 1 in Throwing
  1567 | D:2      | Reached XP level 3. HP: 33/40 MP: 4/4
  2607 | D:2      | Reached XP level 4. HP: 49/49 MP: 6/6
  2607 | D:2      | Found Jilustuo's Antique Armour Boutique.
  2620 | D:2      | Reached skill level 1 in Staves
  2888 | D:2      | Noticed Robin
  3004 | D:2      | Killed Robin
  3276 | D:2      | Identified the +1 robe of Joeddof {rElec Int+4}
  3333 | D:2      | Reached skill level 5 in Fighting
  3479 | D:2      | Reached XP level 5. HP: 57/57 MP: 7/7
  3883 | D:3      | Noticed Natasha
  4130 | D:3      | Killed Natasha
  4415 | D:3      | Noticed Natasha
  4422 | D:3      | Killed Natasha
  4570 | D:3      | Noticed Natasha
  4577 | D:3      | Killed Natasha
  4587 | D:3      | Reached ** piety under Lugonu
  4945 | D:3      | Reached XP level 6. HP: 62/66 MP: 8/8
  5605 | D:4      | Found a staircase to the Ecumenical Temple.
  5686 | D:4      | Learned a level 3 spell: Stone Arrow
  5847 | D:4      | Reached skill level 1 in Short Blades
  5890 | D:4      | Reached skill level 1 in Evocations
  5910 | Temple   | Entered the Ecumenical Temple
  5922 | D:4      | Reached XP level 7. HP: 68/74 MP: 10/10
  6013 | D:4      | Reached skill level 6 in Fighting
  6495 | D:5      | Entered Level 5 of the Dungeon
  6633 | D:5      | Noticed Duvessa
  6682 | D:5      | Noticed Dowan
  6969 | D:2      | Bought an embroidered robe for 81 gold pieces
  7297 | D:5      | Noticed Menkaure
  7315 | D:5      | HP: 3/75 [Menkaure/nerve-wracking pain (2)]
  7316 | D:5      | Mangled by Menkaure

Illustrated notes

Levels and vault maps discovered:
D:1:      elethiomel_arrival_shortcut, layout_basic,
          hellmonk_ecumenical_altar_heavens_door
D:2:      layout_loops_corners, serial_shops, shop,
          chequers_serial_rivers_small_b, minmay_pentomino_q4, uniq_robin
D:3:      layout_basic, uniq_natasha
D:4:      minmay_skewed_foursquare, layout_basic, temple_statues
D:5:      layout_basic, uniq_menkaure, uniq_duvessa
Temple:   nicolae_temple_the_god_donut

Skill      XL: |  1  2  3  4  5  6  7 |
---------------+----------------------+-----
Throwing       | 1 2 3 |  3.4
Staves         | 1 2 |  2.2
Invocations    | 3 4 |  4.3
Fighting       | 5 6 |  6.1
Short Blades   | 1 |  1.6
Evocations     | 1 |  1.5
Polearms       | |  2.3
Dodging        | |  2.1

Action                   |  1- 3 |  4- 6 |  7- 9 || total
-------------------------+-------+-------+-------++-------
Melee: Spear             |    56 |       |       ||    56
       Quarterstaff      |    81 |   117 |    17 ||   215
       Dagger            |       |   124 |    36 ||   160
       Unarmed           |       |    11 |       ||    11
       Punch             |       |     2 |       ||     2
Invok: Depart the Abyss  |     1 |       |       ||     1
  Use: Potion            |       |       |     2 ||     2
Armor: Robe              |    34 |    63 |    13 ||   110
Dodge: Dodged            |    62 |   103 |    17 ||   182
Block: Other             |       |       |     9 ||     9

Table legend: (Time is in decaauts)
 A = Elapsed time spent in this place.
 B = Non-inter-level travel time spent in this place.
 C = Inter-level travel time spent in this place.
 D = Time resting spent in this place.
 E = Time spent auto-exploring this place.
 F = Levels seen in this place.
 G = Mean time per level.
                   A        B        C        D        E       F      G
               +--------+--------+--------+--------+--------+-----+--------+
         Total |   7357 |   6563 |    794 |    817 |   4246 |   8 |  919.6 |
       Dungeon |   7192 |   6398 |    794 |    817 |   4224 |   5 | 1438.4 |
        Temple |      1 |      1 |      0 |      0 |      0 |   1 |    1.0 |
         Abyss |    163 |    163 |      0 |      0 |     22 |   2 |   81.5 |
               +--------+--------+--------+--------+--------+-----+--------+

Top non-repeatable levels by time:
     D:2: 2803 daAuts
     D:4: 1710 daAuts
     D:1: 1350 daAuts
     D:3: 1069 daAuts
     D:5: 257 daAuts
 Abyss:2: 121 daAuts
 Abyss:1: 42 daAuts
  Temple: 1 daAuts
